[ AOE2 MATCH · #482738632 ]
Team RMTeutons vs Franks
[ REPLAY ANALYSIS · EXTRACTED FROM THE RECORDED GAME ]
Feudal
13:03
Castle
—
Imperial
—
| APM avg | 21.1 |
| APM peak | 55 |
| eAPM avg | 11.2 |
| Villagers / military | 32 / 7 |
Focus
⚔️ 22.8% · 🌾 77.2%
Spearman ×5 · Scout Cavalry ×2
Feudal
11:18
Castle
14:53
Imperial
—
| APM avg | 20.7 |
| APM peak | 67 |
| eAPM avg | 10.9 |
| Villagers / military | 33 / 0 |
Focus
⚔️ 2.9% · 🌾 97.1%
Feudal
—
Castle
—
Imperial
—
| APM avg | 15.0 |
| APM peak | 29 |
| eAPM avg | 8.1 |
| Villagers / military | 39 / 0 |
Focus
⚔️ 3.9% · 🌾 96.1%
Feudal
13:19
Castle
—
Imperial
—
| APM avg | 22.1 |
| APM peak | 60 |
| eAPM avg | 11.9 |
| Villagers / military | 30 / 0 |
Focus
⚔️ 22.6% · 🌾 77.4%
Feudal
8:56
Castle
—
Imperial
—
| APM avg | 20.0 |
| APM peak | 44 |
| eAPM avg | 7.6 |
| Villagers / military | 26 / 0 |
Focus
⚔️ 4.3% · 🌾 95.7%
Trade Cart ×1
Feudal
9:41
Castle
—
Imperial
—
| APM avg | 31.0 |
| APM peak | 89 |
| eAPM avg | 12.5 |
| Villagers / military | 66 / 9 |
Focus
⚔️ 13.0% · 🌾 87.0%
Battering Ram ×9
Feudal
11:52
Castle
—
Imperial
—
| APM avg | 33.4 |
| APM peak | 53 |
| eAPM avg | 18.0 |
| Villagers / military | 39 / 0 |
Focus
⚔️ 5.1% · 🌾 94.9%
Feudal
11:07
Castle
—
Imperial
—
| APM avg | 28.0 |
| APM peak | 94 |
| eAPM avg | 8.5 |
| Villagers / military | 33 / 18 |
Focus
⚔️ 26.2% · 🌾 73.8%
Militia ×18
Match map
Initial resources + every placement click. Lines = walls · curves = elevation contours. ◆ gold · ⬟ stone · ● berries · ✦ relic · ◌ wall gap
Your base· ✓ Closed at 12:00 · 0t walls · 2 gate(s)
Grichnakk's base· ✓ Closed at 14:53 · 0t walls · 2 gate(s)
NoahMercy4u's base· ✓ Closed at 12:00 · 0t walls · 2 gate(s)
ElTuquita's base· ✓ Closed at 15:27 · 0t walls · 2 gate(s)
Papa Huayro I's base· ✓ Closed at 12:00 · 0t walls · 2 gate(s)
苹果核桃醋's base· ✓ Closed at 12:00 · 0t walls · 2 gate(s)
Loveme's base· ✓ Closed at 17:08 · 0t walls · 2 gate(s)
Kuribo's base· ✓ Closed at 12:00 · 0t walls · 2 gate(s)
Smoothed initial terrain · ◌ = detected wall gap · hover for details
Inputs per minute
— Twixxo - - Grichnakk
Build order — Twixxo
70 actions detected in the replay
| 0:02 | Create | Villager (Male) |
| 0:20 | Build | House |
| 0:26 | Create | Villager (Male) |
| 0:45 | Build | House |
| 0:46 | Build | House |
| 0:48 | Create | Villager (Male) |
| 0:55 | Create | Villager (Male) |
| 1:59 | Create | Villager (Male) |
| 2:34 | Create | Villager (Male) |
| 2:59 | Create | Villager (Male) |
| 3:16 | Create | Villager (Male) |
| 3:33 | Create | Villager (Male) |
| 3:42 | Create | Villager (Male) |
| 4:01 | Create | Villager (Male) |
| 4:23 | Create | Villager (Male) |
| 4:50 | Build | House |
| 4:58 | Create | Villager (Male) |
| 5:21 | Research | Loom |
| 5:22 | Create | Villager (Male) |
| 5:31 | Create | Villager (Male) |
| 5:43 | Build | House |
| 5:56 | Create | Villager (Male) |
| 5:59 | Create | Villager (Male) |
| 6:09 | Create | Villager (Male) |
| 6:46 | Build | Mill |
| 7:12 | Build | Lumber Camp |
| 7:13 | Create | Villager (Male) |
| 7:28 | Build | Mining Camp |
| 7:42 | Create | Villager (Male) |
| 7:57 | Create | Villager (Male) |
| 8:26 | Create | Villager (Male) |
| 8:45 | Build | Mill |
| 8:53 | Create | Villager (Male) |
| 9:06 | Create | Villager (Male) |
| 9:47 | Create | Villager (Male) |
| 9:47 | Create | Villager (Male) |
| 10:13 | Build | Farm |
| 10:20 | Build | Mining Camp |
| 10:32 | Build | Farm |
| 10:38 | Build | Barracks |
| 10:53 | Research | Feudal Age |
| 11:13 | Build | House |
| 12:44 | Build | House |
| 12:46 | Build | House |
| 13:02 | Create | Villager (Male) |
| 13:03 | Age | Feudal Age |
| 13:08 | Research | Wheelbarrow |
| 13:10 | Research | Horse Collar |
| 13:11 | Create | Spearman |
| 13:27 | Build | Stone Wall |
| 13:32 | Build | Stone Wall |
| 13:33 | Create | Spearman |
| 13:36 | Create | Villager (Male) |
| 13:51 | Create | Spearman |
| 13:59 | Build | Farm |
| 14:00 | Create | Villager (Male) |
| 14:05 | Research | Double-Bit Axe |
| 14:08 | Create | Spearman |
| 14:21 | Create | Villager (Male) |
| 14:36 | Build | Stone Wall |
| 14:38 | Create | Villager (Male) |
| 14:47 | Build | Farm |
| 15:20 | Create | Spearman |
| 15:31 | Build | Stable |
| 15:39 | Create | Villager (Male) |
| 15:44 | Build | Farm |
| 16:11 | Create | Scout Cavalry ×2 |
| 16:18 | Build | Farm |
| 16:26 | Build | Farm |
| 16:29 | Build | Farm |
Build order — Grichnakk
65 actions detected in the replay
| 0:03 | Build | House |
| 0:05 | Build | House |
| 0:06 | Create | Villager (Male) |
| 0:06 | Create | Villager (Male) |
| 0:07 | Create | Villager (Male) |
| 0:36 | Create | Villager (Male) |
| 1:35 | Create | Villager (Male) |
| 1:53 | Build | Lumber Camp |
| 2:22 | Create | Villager (Male) |
| 2:22 | Create | Villager (Male) |
| 2:51 | Create | Villager (Male) |
| 2:51 | Create | Villager (Male) |
| 3:08 | Create | Villager (Male) |
| 3:30 | Build | House |
| 3:39 | Create | Villager (Male) |
| 4:13 | Create | Villager (Male) |
| 4:14 | Create | Villager (Male) |
| 4:51 | Build | Mill |
| 5:21 | Create | Villager (Male) |
| 5:40 | Create | Villager (Male) |
| 5:52 | Build | House |
| 6:13 | Create | Villager (Male) |
| 6:16 | Create | Villager (Male) |
| 6:23 | Create | Villager (Male) |
| 6:36 | Build | Mill |
| 7:14 | Create | Villager (Male) |
| 7:16 | Create | Villager (Male) |
| 7:18 | Create | Villager (Male) |
| 8:02 | Build | Mining Camp |
| 8:19 | Create | Villager (Male) |
| 8:50 | Research | Feudal Age |
| 9:02 | Build | House |
| 9:04 | Build | House |
| 9:59 | Build | Farm |
| 10:15 | Build | Farm |
| 10:17 | Build | Farm |
| 11:18 | Age | Feudal Age |
| 11:21 | Build | Market |
| 11:29 | Build | Blacksmith |
| 12:13 | Research | Castle Age |
| 12:14 | Research | Castle Age |
| 12:42 | Build | Mining Camp |
| 13:00 | Build | Farm |
| 13:03 | Build | Farm |
| 13:18 | Research | Double-Bit Axe |
| 13:40 | Create | Villager (Male) |
| 13:40 | Create | Villager (Male) |
| 14:53 | Age | Castle Age |
| 14:56 | Build | Town Center |
| 15:11 | Create | Villager (Male) |
| 15:16 | Build | Farm |
| 15:19 | Build | Farm |
| 15:24 | Build | Farm |
| 15:42 | Create | Villager (Male) |
| 15:54 | Build | Farm |
| 16:27 | Build | Town Center |
| 16:34 | Create | Villager (Male) |
| 16:35 | Create | Villager (Male) |
| 16:41 | Build | Farm |
| 16:47 | Build | Farm |
| 16:54 | Create | Villager (Male) |
| 17:04 | Create | Villager (Male) |
| 17:05 | Create | Villager (Male) |
| 17:19 | Create | Villager (Male) |
| 17:22 | Create | Villager (Male) |
Build order — NoahMercy4u
75 actions detected in the replay
| 0:02 | Create | Villager (Male) |
| 0:02 | Create | Villager (Male) |
| 0:07 | Build | House |
| 0:09 | Create | Villager (Male) |
| 0:09 | Create | Villager (Male) |
| 0:17 | Create | Villager (Male) |
| 0:17 | Create | Villager (Male) |
| 0:38 | Build | House |
| 0:42 | Build | House |
| 0:44 | Build | House |
| 1:53 | Create | Villager (Male) |
| 2:04 | Build | House |
| 2:33 | Create | Villager (Male) |
| 2:46 | Create | Villager (Male) |
| 3:28 | Create | Villager (Male) |
| 3:57 | Create | Villager (Male) |
| 4:13 | Create | Villager (Male) |
| 4:29 | Create | Villager (Male) |
| 4:51 | Create | Villager (Male) |
| 5:38 | Create | Villager (Male) |
| 6:04 | Create | Villager (Male) |
| 6:25 | Create | Villager (Male) |
| 6:35 | Create | Villager (Male) |
| 6:45 | Create | Villager (Male) |
| 7:00 | Create | Villager (Male) |
| 7:49 | Create | Villager (Male) |
| 7:58 | Create | Villager (Male) |
| 8:13 | Build | Mill |
| 8:49 | Create | Villager (Male) |
| 8:58 | Create | Villager (Male) |
| 9:08 | Build | Lumber Camp |
| 10:01 | Create | Villager (Male) |
| 10:17 | Research | Feudal Age |
| 10:41 | Build | Lumber Camp |
| 10:49 | Create | Villager (Male) |
| 10:59 | Build | House |
| 11:02 | Build | House |
| 11:07 | Create | Villager (Male) |
| 11:26 | Create | Villager (Male) |
| 12:09 | Build | House |
| 12:15 | Build | Barracks |
| 12:18 | Create | Villager (Male) |
| 12:41 | Build | Mill |
| 12:48 | Research | Wheelbarrow |
| 12:57 | Create | Villager (Male) |
| 13:22 | Build | Blacksmith |
| 13:35 | Create | Villager (Male) |
| 14:01 | Build | Stable |
| 14:11 | Create | Villager (Male) |
| 14:19 | Build | Lumber Camp |
| 14:27 | Research | Horse Collar |
| 14:31 | Research | Double-Bit Axe |
| 14:59 | Create | Villager (Male) |
| 15:16 | Build | House |
| 15:18 | Build | House |
| 15:19 | Build | House |
| 15:19 | Build | House |
| 15:22 | Create | Villager (Male) |
| 16:02 | Create | Villager (Male) |
| 16:02 | Create | Villager (Male) |
| 16:03 | Create | Villager (Male) |
| 16:13 | Build | Farm |
| 16:14 | Build | Farm |
| 16:14 | Build | Farm |
| 16:14 | Build | Farm |
| 16:15 | Build | Farm |
| 16:20 | Build | Farm |
| 16:24 | Build | Farm |
| 16:27 | Build | Farm |
| 16:28 | Build | Farm |
| 16:31 | Build | Farm |
| 16:34 | Build | Farm |
| 16:37 | Build | Farm |
| 16:39 | Create | Villager (Male) |
| 16:57 | Create | Villager (Male) |
Build order — ElTuquita
55 actions detected in the replay
| 0:02 | Create | Villager (Male) ×4 |
| 0:04 | Build | House |
| 0:06 | Build | House |
| 1:29 | Create | Villager (Male) |
| 1:44 | Create | Villager (Male) |
| 2:20 | Create | Villager (Male) |
| 2:39 | Build | Settlement |
| 2:50 | Create | Villager (Male) |
| 3:04 | Create | Villager (Male) |
| 3:15 | Build | House |
| 3:19 | Build | House |
| 3:22 | Build | House |
| 3:55 | Create | Villager (Male) ×3 |
| 4:18 | Build | House |
| 4:28 | Build | House |
| 4:37 | Build | House |
| 5:08 | Create | Villager (Male) ×3 |
| 5:42 | Build | Settlement |
| 5:59 | Create | Villager (Male) |
| 6:39 | Create | Villager (Male) |
| 6:54 | Create | Villager (Male) |
| 7:46 | Create | Villager (Male) |
| 7:52 | Create | Villager (Male) |
| 7:54 | Create | Villager (Male) |
| 8:29 | Create | Villager (Male) |
| 9:29 | Create | Villager (Male) |
| 9:34 | Create | Villager (Male) |
| 9:35 | Create | Villager (Male) |
| 9:36 | Create | Villager (Male) |
| 9:50 | Build | Farm |
| 9:50 | Build | Farm |
| 9:51 | Build | Farm |
| 9:51 | Build | Farm |
| 10:04 | Build | Farm |
| 10:04 | Build | Farm |
| 10:12 | Build | Farm |
| 10:13 | Build | Farm |
| 10:13 | Build | Farm |
| 10:58 | Research | Feudal Age |
| 13:19 | Age | Feudal Age |
| 13:25 | Build | Market |
| 13:26 | Build | Blacksmith |
| 13:34 | Create | Villager (Male) |
| 13:56 | Build | Farm |
| 13:57 | Build | Farm |
| 14:01 | Create | Villager (Male) |
| 14:26 | Build | Farm |
| 14:27 | Build | Farm |
| 14:29 | Create | Villager (Male) |
| 14:55 | Build | Farm |
| 14:56 | Build | Farm |
| 15:01 | Create | Villager (Male) |
| 15:27 | Research | Castle Age |
| 15:36 | Research | Double-Bit Axe |
| 16:40 | Research | Wheelbarrow |
Build order — Papa Huayro I
50 actions detected in the replay
| 0:03 | Build | House |
| 0:05 | Build | House |
| 0:05 | Create | Villager (Male) |
| 0:05 | Create | Villager (Male) |
| 0:06 | Create | Villager (Male) |
| 0:06 | Create | Villager (Male) |
| 1:29 | Create | Villager (Male) |
| 1:29 | Create | Villager (Male) |
| 2:00 | Create | Villager (Male) |
| 2:00 | Create | Villager (Male) |
| 2:28 | Create | Villager (Male) |
| 2:55 | Create | Villager (Male) |
| 2:55 | Create | Villager (Male) |
| 2:55 | Create | Villager (Male) |
| 3:37 | Create | Villager (Male) |
| 3:38 | Create | Villager (Male) |
| 4:18 | Create | Villager (Male) |
| 4:19 | Create | Villager (Male) |
| 5:11 | Build | Settlement |
| 5:47 | Research | Loom |
| 6:21 | Create | Villager (Male) |
| 6:45 | Research | Feudal Age |
| 8:08 | Create | Villager (Male) |
| 8:08 | Create | Villager (Male) |
| 8:56 | Age | Feudal Age |
| 8:57 | Research | Double-Bit Axe |
| 9:11 | Build | Market |
| 9:27 | Build | House |
| 9:34 | Build | Blacksmith |
| 9:49 | Research | Wheelbarrow |
| 10:16 | Create | Villager (Male) |
| 10:16 | Create | Villager (Male) |
| 10:37 | Build | House |
| 10:54 | Create | Trade Cart |
| 11:40 | Build | Farm |
| 12:19 | Build | Settlement |
| 12:48 | Create | Villager (Male) |
| 12:48 | Create | Villager (Male) |
| 13:08 | Build | Outpost |
| 13:13 | Build | Outpost |
| 13:31 | Research | Horse Collar |
| 13:36 | Research | Gold Mining |
| 13:41 | Build | Farm |
| 14:26 | Create | Villager (Male) |
| 14:27 | Create | Villager (Male) |
| 14:28 | Create | Villager (Male) |
| 14:38 | Build | Farm |
| 14:53 | Build | Outpost |
| 15:11 | Build | Stone Wall |
| 16:31 | Build | Barracks |
Build order — 苹果核桃醋
90 actions detected in the replay
| 0:01 | Create | Villager (Male) ×4 |
| 0:02 | Create | Villager (Male) ×4 |
| 0:04 | Build | House |
| 0:05 | Build | House |
| 1:31 | Create | Villager (Male) |
| 1:31 | Create | Villager (Male) |
| 2:02 | Create | Villager (Male) |
| 2:09 | Build | Lumber Camp |
| 2:11 | Create | Villager (Male) |
| 2:12 | Create | Villager (Male) |
| 2:43 | Create | Villager (Male) |
| 2:44 | Create | Villager (Male) |
| 3:06 | Create | Villager (Male) |
| 3:07 | Create | Villager (Male) |
| 3:23 | Build | House |
| 3:46 | Create | Villager (Male) |
| 3:46 | Create | Villager (Male) |
| 3:47 | Create | Villager (Male) |
| 4:23 | Create | Villager (Male) |
| 4:23 | Create | Villager (Male) |
| 4:39 | Build | Mill |
| 4:56 | Create | Villager (Male) |
| 4:56 | Create | Villager (Male) |
| 5:14 | Build | House |
| 5:22 | Create | Villager (Male) |
| 5:22 | Create | Villager (Male) |
| 5:24 | Create | Villager (Male) |
| 5:24 | Create | Villager (Male) |
| 5:36 | Create | Villager (Male) |
| 5:37 | Create | Villager (Male) |
| 5:40 | Research | Loom |
| 6:32 | Build | Mill |
| 7:27 | Research | Feudal Age |
| 8:46 | Build | Mining Camp |
| 8:59 | Create | Villager (Male) ×5 |
| 8:59 | Create | Villager (Male) |
| 9:00 | Create | Villager (Male) |
| 9:41 | Age | Feudal Age |
| 9:50 | Build | Blacksmith |
| 10:01 | Research | Double-Bit Axe |
| 10:13 | Build | House |
| 10:54 | Research | Horse Collar |
| 10:56 | Create | Villager (Male) |
| 10:58 | Create | Villager (Male) |
| 11:05 | Build | House |
| 11:07 | Build | House |
| 11:41 | Create | Villager (Male) |
| 11:50 | Build | Siege Workshop |
| 12:08 | Build | Farm |
| 12:21 | Create | Villager (Male) |
| 12:21 | Create | Villager (Male) |
| 12:21 | Create | Villager (Male) |
| 12:22 | Create | Villager (Male) |
| 12:22 | Create | Villager (Male) |
| 12:38 | Build | House |
| 12:39 | Build | House |
| 12:47 | Create | Villager (Male) |
| 12:47 | Create | Villager (Male) |
| 12:47 | Create | Villager (Male) |
| 12:54 | Create | Battering Ram |
| 12:54 | Create | Battering Ram |
| 13:04 | Build | Farm |
| 13:43 | Create | Battering Ram |
| 13:46 | Build | House |
| 14:08 | Build | Farm |
| 14:12 | Build | House |
| 14:13 | Build | House |
| 14:35 | Create | Battering Ram |
| 14:36 | Create | Battering Ram |
| 14:39 | Create | Villager (Male) |
| 14:40 | Create | Villager (Male) ×5 |
| 14:41 | Create | Villager (Male) ×5 |
| 14:41 | Create | Villager (Male) ×3 |
| 14:45 | Build | House |
| 14:46 | Build | House |
| 15:23 | Create | Battering Ram |
| 16:09 | Create | Villager (Male) |
| 16:10 | Create | Villager (Male) |
| 16:14 | Build | Town Center |
| 16:34 | Build | House |
| 16:38 | Build | House |
| 16:38 | Build | House |
| 16:50 | Create | Battering Ram |
| 16:50 | Create | Battering Ram |
| 16:50 | Create | Battering Ram |
| 17:02 | Create | Villager (Male) |
| 17:02 | Create | Villager (Male) |
| 17:09 | Build | Farm |
| 17:09 | Build | Farm |
| 17:15 | Build | Farm |
Build order — Loveme
76 actions detected in the replay
| 0:02 | Create | Villager (Male) |
| 0:03 | Build | House |
| 0:05 | Build | House |
| 0:09 | Create | Villager (Male) |
| 0:35 | Create | Villager (Male) |
| 0:54 | Create | Villager (Male) |
| 1:17 | Research | Loom |
| 1:22 | Build | Lumber Camp |
| 1:43 | Create | Villager (Male) |
| 2:08 | Create | Villager (Male) |
| 2:34 | Create | Villager (Male) |
| 3:04 | Create | Villager (Male) |
| 3:26 | Build | Mill |
| 3:39 | Create | Villager (Male) |
| 3:47 | Build | House |
| 4:16 | Create | Villager (Male) |
| 4:34 | Create | Villager (Male) |
| 5:06 | Create | Villager (Male) |
| 5:31 | Create | Villager (Male) |
| 5:51 | Create | Villager (Male) |
| 6:13 | Build | House |
| 6:17 | Create | Villager (Male) |
| 6:27 | Build | Lumber Camp |
| 6:36 | Create | Villager (Male) |
| 7:03 | Build | Mill |
| 7:05 | Create | Villager (Male) |
| 7:27 | Create | Villager (Male) |
| 7:43 | Build | House |
| 8:01 | Create | Villager (Male) |
| 8:26 | Create | Villager (Male) |
| 8:35 | Create | Villager (Male) |
| 9:17 | Create | Villager (Male) |
| 9:23 | Build | Farm |
| 9:35 | Build | Farm |
| 9:38 | Research | Feudal Age |
| 9:39 | Research | Feudal Age |
| 10:07 | Build | Mill |
| 10:13 | Create | Villager (Male) |
| 10:13 | Create | Villager (Male) |
| 10:56 | Create | Villager (Male) |
| 11:09 | Build | Mining Camp |
| 11:52 | Age | Feudal Age |
| 11:52 | Research | Double-Bit Axe |
| 11:54 | Research | Horse Collar |
| 11:59 | Build | Town Center |
| 12:05 | Create | Villager (Male) |
| 13:12 | Build | Farm |
| 13:24 | Build | Farm |
| 13:36 | Build | House |
| 13:40 | Create | Villager (Male) |
| 13:47 | Create | Villager (Male) |
| 13:47 | Create | Villager (Male) |
| 14:04 | Create | Villager (Male) |
| 14:09 | Build | House |
| 14:18 | Build | Farm |
| 14:25 | Build | Farm |
| 14:32 | Build | Farm |
| 14:50 | Build | Farm |
| 15:14 | Build | Market |
| 15:19 | Create | Villager (Male) |
| 15:20 | Create | Villager (Male) |
| 15:21 | Create | Villager (Male) |
| 15:22 | Create | Villager (Male) |
| 15:40 | Create | Villager (Male) |
| 15:41 | Create | Villager (Male) |
| 15:43 | Build | Farm |
| 16:07 | Build | Blacksmith |
| 16:17 | Create | Villager (Male) |
| 16:27 | Build | Farm |
| 16:29 | Build | Farm |
| 16:35 | Create | Villager (Male) |
| 16:37 | Create | Villager (Male) |
| 16:45 | Build | House |
| 17:08 | Research | Castle Age |
| 17:19 | Build | Farm |
| 17:19 | Build | Farm |
Build order — Kuribo
83 actions detected in the replay
| 0:03 | Create | Villager (Male) |
| 0:03 | Create | Villager (Male) |
| 0:03 | Create | Villager (Male) |
| 0:04 | Create | Villager (Male) |
| 0:04 | Create | Villager (Male) |
| 0:08 | Build | House |
| 0:12 | Build | House |
| 1:34 | Create | Villager (Male) |
| 2:10 | Create | Villager (Male) |
| 2:32 | Create | Villager (Male) |
| 2:33 | Create | Villager (Male) |
| 2:44 | Build | Lumber Camp |
| 3:05 | Create | Villager (Male) |
| 3:05 | Create | Villager (Male) |
| 3:35 | Create | Villager (Male) |
| 3:35 | Create | Villager (Male) |
| 3:54 | Create | Villager (Male) |
| 3:54 | Create | Villager (Male) |
| 4:00 | Build | House |
| 4:34 | Create | Villager (Male) |
| 4:34 | Create | Villager (Male) |
| 4:34 | Create | Villager (Male) |
| 4:51 | Create | Villager (Male) |
| 4:51 | Create | Villager (Male) |
| 4:55 | Research | Loom |
| 4:56 | Create | Villager (Male) |
| 4:56 | Create | Villager (Male) |
| 5:17 | Create | Villager (Male) |
| 5:17 | Create | Villager (Male) |
| 5:40 | Build | Mill |
| 5:57 | Create | Villager (Male) |
| 5:57 | Create | Villager (Male) |
| 6:14 | Create | Villager (Male) |
| 6:14 | Create | Villager (Male) |
| 6:45 | Build | House |
| 7:28 | Create | Villager (Male) |
| 8:32 | Create | Villager (Male) |
| 8:49 | Research | Feudal Age |
| 9:03 | Build | House |
| 9:15 | Build | Barracks |
| 9:55 | Build | Mining Camp |
| 10:23 | Create | Militia |
| 10:23 | Create | Militia |
| 11:03 | Build | Barracks |
| 11:07 | Create | Militia |
| 11:07 | Age | Feudal Age |
| 11:11 | Create | Villager (Male) |
| 11:11 | Create | Villager (Male) |
| 11:25 | Research | Man-at-Arms (upgrade) |
| 11:42 | Build | Farm |
| 11:46 | Create | Villager (Male) |
| 12:00 | Create | Militia |
| 12:06 | Build | House |
| 12:24 | Build | Blacksmith |
| 12:28 | Create | Militia |
| 12:38 | Build | House |
| 12:47 | Create | Militia |
| 12:47 | Create | Militia |
| 12:56 | Create | Militia |
| 13:11 | Create | Militia |
| 13:11 | Create | Militia |
| 13:18 | Build | Farm |
| 13:26 | Build | Farm |
| 13:30 | Build | House |
| 13:48 | Research | Scale Mail Armor |
| 13:59 | Create | Militia |
| 13:59 | Create | Militia |
| 14:07 | Build | House |
| 14:51 | Create | Militia |
| 14:51 | Create | Militia |
| 14:51 | Create | Militia |
| 14:58 | Build | Farm |
| 15:06 | Build | Farm |
| 15:11 | Build | Farm |
| 15:15 | Build | Farm |
| 15:32 | Create | Militia |
| 15:33 | Create | Militia |
| 15:33 | Create | Militia |
| 16:48 | Build | Farm |
| 16:51 | Build | Farm |
| 16:55 | Build | Farm |
| 17:01 | Build | House |
| 17:03 | Research | Forging |
Match timeline
| 8:56 | Papa Huayro I · age_up feudal |
| 9:15 | Kuribo · first_building Barracks |
| 9:41 | 苹果核桃醋 · age_up feudal |
| 10:38 | Twixxo · first_building Barracks |
| 11:07 | Kuribo · age_up feudal |
| 11:18 | Grichnakk · age_up feudal |
| 11:50 | 苹果核桃醋 · first_building Siege Workshop |
| 11:52 | Loveme · age_up feudal |
| 12:12 | Papa Huayro I · first_market_sell 100 stone |
| 12:14 | Papa Huayro I · first_market_buy 100 wood |
| 12:15 | NoahMercy4u · first_building Barracks |
| 13:03 | Twixxo · age_up feudal |
| 13:19 | ElTuquita · age_up feudal |
| 13:27 | Twixxo · wall_segment Stone Wall x18 |
| 13:32 | Twixxo · wall_segment Stone Wall x11 |
| 14:01 | NoahMercy4u · first_building Stable |
| 14:36 | Twixxo · wall_segment Stone Wall x11 |
| 14:53 | Grichnakk · age_up castle |
| 15:11 | Papa Huayro I · wall_segment Stone Wall x20 |
| 15:31 | Twixxo · first_building Stable |
| 16:31 | Papa Huayro I · first_building Barracks |
| 17:01 | Loveme · first_market_buy 100 food |
| 17:04 | Twixxo · resign |
[ AI ANALYSIS · 1 CREDIT ]
What really happened in this match?
Wolo.gg analyzes every decision: build order, eco, micro, common mistakes by bracket. Personalized analysis on WhatsApp or Discord in 30 seconds.
Civ guide
Teutons
Map guide
Arena
Perfil
Twixxo